AoeStats
← Micha

African Clearing

510399352Analyzed
3v3 RM · 2d ago on Sep 30, 2026· 47m 38s· 6 players
Game mode
Random Map
Map size
Normal (6 player)
Population
200
Speed
Normal
Resources
Standard
Victory
Conquest
Starting age
Dark Age
Ending age
Imperial Age
RankedLock teamsTeams togetherTeam positionsShared explorationLock speedFull tech treeHidden civsTurbo modeCheats
Victory
Defeat
🇧🇷 Berbers · Brazil
1344
+14
🇧🇷 Koreans · Brazil
1323
+15
🇧🇷 Khmer · Brazil
1257
+17
🇩🇪 Ethiopians · Germany
1402
-20
🇩🇪 Poles · Germany
1255
-14
🇩🇪 Spanish · Germany
1219
-12
Micha
11:41 Loom
14:07 Feudal Age
19:30 Castle Age
17:47 Double-Bit Axe
18:23 Horse Collar
27:37 Bow Saw
30:46 Pikeman
34:49 Scale Mail Armor
34:59 Forging
34:56 Squires
35:51 Chain Mail Armor
37:57 Padded Archer Armor
41:53 Wheelbarrow
43:07 Iron Casting
46:31 Imperial Age
LocketheBoss
5:02 Loom
13:25 Feudal Age
18:12 Castle Age
16:10 Double-Bit Axe
19:09 Bow Saw
18:58 Fletching
21:29 Wheelbarrow
20:35 Crossbowman
22:29 Gold Mining
23:54 Horse Collar
26:07 Ballistics
27:06 Hand Cart
27:45 Padded Archer Armor
27:42 Bodkin Arrow
27:47 Padded Archer Armor
30:57 Thumb Ring
32:13 Gold Shaft Mining
33:08 Stone Mining
39:42 Heavy Plow
44:30 Imperial Age
44:19 Stone Shaft Mining
44:38 Arbalester
45:38 Leather Archer Armor
45:49 Bracer
47:41 Ring Archer Armor
ChrisBu
11:18 Loom
14:57 Feudal Age
19:05 Castle Age
17:56 Double-Bit Axe
18:15 Stone Mining
20:00 Horse Collar
21:11 Stone Shaft Mining
23:33 Heavy Plow
28:49 Bow Saw
31:14 Wheelbarrow
37:51 Wheelbarrow
39:56 Gold Mining
40:12 Husbandry
incolor
6:20 Loom
13:49 Feudal Age
15:20 Double-Bit Axe
18:01 Castle Age
16:34 Fletching
17:08 Padded Archer Armor
18:50 Bodkin Arrow
20:17 Bow Saw
21:35 Gold Mining
22:29 Town Watch
23:21 Wheelbarrow
24:30 Bloodlines
26:03 Leather Archer Armor
27:29 Husbandry
30:05 Ballistics
32:32 Thumb Ring
38:41 Imperial Age
36:15 Horse Collar
38:43 Gold Shaft Mining
40:23 Chemistry
39:24 Bracer
40:08 Capped Ram
41:05 Heavy Cavalry Archer
43:28 Ring Archer Armor
48:08 Conscription
Dudu
3:17 Loom
13:44 Feudal Age
17:31 Castle Age
16:47 Double-Bit Axe
21:40 Fletching
25:17 Ballistics
28:08 Bow Saw
27:55 Bodkin Arrow
40:03 Wheelbarrow
43:26 Imperial Age
45:07 Chemistry
43:30 Elite War Wagon
44:31 Conscription
45:33 Bracer
47:37 Shinkichon
47:55 Husbandry
48:02 Thumb Ring
Panico-Bento
11:12 Loom
12:58 Feudal Age
16:29 Castle Age
14:48 Double-Bit Axe
16:47 Bloodlines
25:55 Horse Collar
27:15 Bow Saw
28:27 Wheelbarrow
27:38 Town Watch
28:54 Heavy Plow
28:58 Stone Mining
30:07 Hand Cart
33:51 Imperial Age
31:43 Gold Mining
32:29 Stone Shaft Mining
33:01 Scale Barding Armor
33:06 Forging
33:56 Padded Archer Armor
35:28 Chain Barding Armor
35:34 Husbandry
37:15 Cavalier
37:27 Elite Skirmisher
37:52 Pikeman
41:29 Iron Casting
41:28 Leather Archer Armor
41:37 Ballistics
42:21 Crop Rotation
41:44 Fletching
43:17 Plate Barding Armor
44:07 Blast Furnace
43:39 Ring Archer Armor
43:34 Bodkin Arrow
44:41 Chemistry
43:51 Murder Holes
44:07 Masonry
45:01 Conscription
45:16 Hoardings
45:41 Double Crossbow
Connection lost

Rejoining the realm…

Still unreachable

The connection could not be restored.

Session expired

The server has moved on; the page needs a fresh start.